[ AOE2 MATCH · #495961679 ]
UnrankedRomans vs Chinese
Player's team · LOSS
Rival team · WIN
[ REPLAY ANALYSIS · EXTRACTED FROM THE RECORDED GAME ]
Feudal
9:16
Castle
21:34
Imperial
36:50
| APM avg | 52.7 |
| APM peak | 99 |
| eAPM avg | 24.2 |
| Villagers / military | 156 / 81 |
Focus
⚔️ 26.7% · 🌾 73.3%
Scorpion ×29 · Skirmisher ×17 · Knight ×14 · Battering Ram ×7 · Scout Cavalry ×4 · Trebuchet (Packed) ×4
Feudal
8:51
Castle
21:39
Imperial
34:06
| APM avg | 55.5 |
| APM peak | 89 |
| eAPM avg | 29.4 |
| Villagers / military | 171 / 147 |
Focus
⚔️ 51.8% · 🌾 48.2%
Spearman ×63 · Scout Cavalry ×18 · Archer ×13 · Iron Pagoda ×13 · Knight ×10 · Skirmisher ×10
Match map
Initial resources + every placement click. Lines = walls · curves = elevation contours. ◆ gold · ⬟ stone · ● berries · ✦ relic · ◌ wall gap
Your base· Open — opponent sealed themselves in
[BRTIM] O grande's base· ✓ Closed at 21:39 · 34t walls · 1 gate(s)
Smoothed initial terrain · ◌ = detected wall gap · hover for details
Inputs per minute
— SneakySalmon - - [BRTIM] O grande
Build order — SneakySalmon
First 150 of 401 actions detected
| 0:00 | Create | Villager (Male) |
| 0:00 | Create | Villager (Male) |
| 0:01 | Create | Villager (Male) |
| 0:01 | Create | Villager (Male) |
| 0:01 | Create | Villager (Male) |
| 0:02 | Build | House |
| 0:03 | Build | House |
| 1:32 | Create | Villager (Male) |
| 1:32 | Create | Villager (Male) |
| 1:58 | Create | Villager (Male) |
| 2:19 | Create | Villager (Male) |
| 2:22 | Build | Lumber Camp |
| 2:51 | Create | Villager (Male) |
| 2:51 | Create | Villager (Male) |
| 3:39 | Create | Villager (Male) |
| 3:54 | Build | House |
| 4:06 | Create | Villager (Male) |
| 4:29 | Create | Villager (Male) |
| 4:30 | Create | Villager (Male) |
| 4:36 | Build | House |
| 5:00 | Build | Palisade Wall |
| 5:05 | Build | Mill |
| 5:11 | Create | Villager (Male) |
| 5:11 | Create | Villager (Male) |
| 5:12 | Create | Villager (Male) |
| 5:36 | Create | Villager (Male) |
| 5:40 | Research | Loom |
| 6:31 | Build | Lumber Camp |
| 6:58 | Research | Feudal Age |
| 8:05 | Create | Villager (Male) |
| 8:09 | Build | Barracks |
| 8:12 | Build | House |
| 9:16 | Age | Feudal Age |
| 9:20 | Build | Stable |
| 9:31 | Create | Spearman |
| 9:45 | Create | Villager (Male) |
| 9:47 | Research | Double-Bit Axe |
| 9:49 | Create | Villager (Male) |
| 10:10 | Create | Scout Cavalry |
| 10:10 | Create | Scout Cavalry |
| 10:11 | Create | Villager (Male) |
| 10:17 | Build | House |
| 10:18 | Research | Horse Collar |
| 10:25 | Build | House |
| 10:34 | Build | House |
| 10:37 | Build | Palisade Wall |
| 10:38 | Create | Villager (Male) |
| 10:49 | Build | Farm |
| 10:54 | Build | Farm |
| 10:55 | Create | Scout Cavalry |
| 10:57 | Build | Farm |
| 11:03 | Build | House |
| 11:10 | Build | Palisade Wall |
| 11:15 | Create | Scout Cavalry |
| 11:24 | Create | Villager (Male) |
| 11:25 | Create | Villager (Male) |
| 11:40 | Build | Archery Range |
| 11:48 | Build | Palisade Wall |
| 11:50 | Create | Villager (Male) |
| 11:50 | Create | Villager (Male) |
| 12:01 | Build | Farm |
| 12:02 | Create | Villager (Male) |
| 12:31 | Create | Skirmisher |
| 12:31 | Create | Skirmisher |
| 12:31 | Create | Skirmisher |
| 12:33 | Build | House |
| 12:34 | Create | Villager (Male) |
| 12:36 | Build | Farm |
| 12:47 | Create | Skirmisher |
| 12:51 | Build | Palisade Wall |
| 12:55 | Build | Farm |
| 12:57 | Create | Villager (Male) |
| 12:57 | Create | Villager (Male) |
| 13:02 | Build | Farm |
| 13:21 | Create | Villager (Male) |
| 13:22 | Create | Skirmisher |
| 13:27 | Build | House |
| 13:39 | Create | Villager (Male) |
| 13:45 | Build | Farm |
| 13:49 | Build | Farm |
| 13:50 | Build | Farm |
| 14:41 | Create | Villager (Male) |
| 14:42 | Create | Villager (Male) |
| 14:44 | Build | Blacksmith |
| 14:49 | Build | Mining Camp |
| 15:00 | Build | Palisade Wall |
| 15:06 | Build | Farm |
| 15:12 | Research | Wheelbarrow |
| 15:16 | Build | Farm |
| 15:26 | Create | Skirmisher |
| 15:43 | Build | Farm |
| 15:46 | Build | House |
| 16:06 | Create | Skirmisher |
| 16:15 | Research | Fletching |
| 16:15 | Research | Padded Archer Armor |
| 16:17 | Create | Skirmisher |
| 16:20 | Build | House |
| 16:22 | Build | House |
| 16:41 | Build | Farm |
| 16:55 | Create | Villager (Male) |
| 17:00 | Create | Skirmisher |
| 17:13 | Build | Palisade Wall |
| 17:22 | Create | Villager (Male) |
| 17:42 | Create | Villager (Male) |
| 17:53 | Build | House |
| 17:57 | Build | House |
| 18:10 | Build | Farm |
| 18:15 | Build | Farm |
| 18:19 | Build | Farm |
| 18:38 | Build | Farm |
| 18:40 | Build | Farm |
| 18:54 | Research | Castle Age |
| 18:54 | Research | Castle Age |
| 19:02 | Build | House |
| 19:04 | Build | House |
| 19:07 | Create | Skirmisher |
| 19:16 | Build | Farm |
| 19:31 | Build | House |
| 19:32 | Build | House |
| 19:41 | Create | Skirmisher |
| 19:42 | Create | Skirmisher |
| 19:57 | Create | Skirmisher |
| 19:59 | Create | Villager (Male) |
| 20:12 | Research | Bloodlines |
| 20:14 | Research | Scale Barding Armor |
| 20:31 | Create | Skirmisher |
| 21:26 | Create | Spearman |
| 21:26 | Create | Spearman |
| 21:30 | Create | Villager (Male) |
| 21:34 | Age | Castle Age |
| 21:38 | Research | Elite Skirmisher (upgrade) |
| 21:39 | Research | Bodkin Arrow |
| 21:48 | Create | Knight |
| 21:48 | Create | Knight |
| 22:26 | Create | Knight |
| 22:26 | Create | Knight |
| 22:46 | Create | Villager (Male) |
| 22:46 | Create | Villager (Male) |
| 22:50 | Create | Skirmisher |
| 22:50 | Create | Skirmisher |
| 22:53 | Create | Villager (Male) |
| 22:58 | Build | Town Center |
| 23:00 | Create | Knight |
| 23:02 | Create | Villager (Male) |
| 23:02 | Create | Skirmisher |
| 23:06 | Research | Bow Saw |
| 23:37 | Create | Villager (Male) |
| 23:38 | Create | Knight |
| 24:17 | Create | Villager (Male) |
| 24:18 | Create | Villager (Male) |
Build order — [BRTIM] O grande
First 150 of 486 actions detected
| 0:00 | Research | Loom |
| 0:47 | Create | Villager (Male) |
| 0:47 | Create | Villager (Male) |
| 1:13 | Create | Villager (Male) |
| 1:37 | Create | Villager (Male) |
| 1:59 | Create | Villager (Male) |
| 2:21 | Build | Lumber Camp |
| 2:29 | Create | Villager (Male) |
| 2:47 | Create | Villager (Male) |
| 2:59 | Create | Villager (Male) |
| 3:15 | Build | House |
| 3:20 | Create | Villager (Male) |
| 4:08 | Create | Villager (Male) |
| 4:08 | Create | Villager (Male) |
| 4:12 | Build | House |
| 4:18 | Build | Palisade Wall |
| 4:34 | Create | Villager (Male) |
| 4:43 | Create | Villager (Male) |
| 5:05 | Build | Mill |
| 5:17 | Create | Villager (Male) |
| 6:16 | Create | Villager (Male) |
| 6:41 | Research | Feudal Age |
| 7:05 | Build | Lumber Camp |
| 7:57 | Build | Barracks |
| 7:58 | Build | House |
| 8:25 | Build | Palisade Wall |
| 8:26 | Build | Palisade Wall |
| 8:27 | Build | Palisade Wall |
| 8:51 | Age | Feudal Age |
| 8:53 | Create | Villager (Male) |
| 8:54 | Create | Villager (Male) |
| 8:59 | Build | Archery Range |
| 9:01 | Build | House |
| 9:14 | Create | Villager (Male) |
| 9:22 | Create | Spearman |
| 9:35 | Build | Mining Camp |
| 9:47 | Build | Palisade Wall |
| 9:52 | Create | Villager (Male) |
| 9:55 | Create | Archer |
| 10:05 | Create | Villager (Male) |
| 10:15 | Create | Archer |
| 10:16 | Create | Archer |
| 10:26 | Build | House |
| 10:29 | Build | House |
| 10:31 | Build | Palisade Wall |
| 10:33 | Build | Palisade Wall |
| 10:37 | Create | Villager (Male) |
| 10:38 | Create | Archer |
| 10:46 | Create | Villager (Male) |
| 10:50 | Research | Double-Bit Axe |
| 11:05 | Create | Villager (Male) |
| 11:06 | Build | Farm |
| 11:13 | Build | Farm |
| 11:17 | Build | Farm |
| 11:20 | Build | Farm |
| 11:25 | Create | Spearman |
| 11:29 | Create | Archer |
| 11:40 | Create | Villager (Male) |
| 11:44 | Create | Villager (Male) |
| 12:03 | Build | Farm |
| 12:10 | Create | Archer |
| 12:11 | Create | Spearman |
| 12:31 | Create | Villager (Male) |
| 12:32 | Create | Archer |
| 12:37 | Build | House |
| 12:41 | Create | Spearman |
| 12:47 | Build | Farm |
| 12:49 | Build | Farm |
| 12:52 | Create | Archer |
| 13:13 | Create | Villager (Male) |
| 13:15 | Create | Villager (Male) |
| 13:23 | Create | Villager (Male) |
| 13:32 | Create | Villager (Male) |
| 13:38 | Build | Blacksmith |
| 13:43 | Create | Spearman |
| 13:48 | Create | Villager (Male) |
| 13:52 | Create | Archer |
| 14:03 | Build | Palisade Wall |
| 14:05 | Create | Villager (Male) |
| 14:18 | Create | Skirmisher |
| 14:18 | Create | Skirmisher |
| 14:26 | Build | House |
| 14:41 | Research | Fletching |
| 14:52 | Build | Farm |
| 15:00 | Create | Villager (Male) |
| 15:02 | Build | House |
| 15:03 | Build | House |
| 15:05 | Build | House |
| 15:11 | Create | Skirmisher |
| 15:11 | Create | Skirmisher |
| 15:12 | Create | Villager (Male) |
| 15:16 | Build | Palisade Gate |
| 15:23 | Build | House |
| 15:24 | Build | House |
| 15:25 | Create | Villager (Male) |
| 16:09 | Create | Villager (Male) |
| 16:12 | Create | Archer |
| 16:13 | Create | Archer |
| 16:15 | Build | Farm |
| 16:17 | Build | Farm |
| 16:19 | Build | Farm |
| 16:29 | Create | Villager (Male) |
| 16:46 | Build | House |
| 17:07 | Build | Market |
| 17:20 | Create | Villager (Male) |
| 17:41 | Research | Wheelbarrow |
| 17:53 | Build | Farm |
| 17:55 | Build | Farm |
| 17:57 | Build | Farm |
| 18:01 | Build | Farm |
| 18:06 | Build | House |
| 18:13 | Build | Palisade Wall |
| 18:31 | Research | Horse Collar |
| 18:41 | Build | House |
| 18:42 | Build | House |
| 18:59 | Research | Castle Age |
| 19:00 | Research | Castle Age |
| 19:47 | Research | Padded Archer Armor |
| 20:02 | Create | Archer |
| 20:02 | Create | Archer |
| 20:15 | Build | Archery Range |
| 20:30 | Create | Skirmisher |
| 20:30 | Create | Skirmisher |
| 21:17 | Create | Skirmisher |
| 21:39 | Age | Castle Age |
| 21:41 | Research | Bodkin Arrow |
| 21:43 | Research | Elite Skirmisher (upgrade) |
| 21:43 | Research | Elite Skirmisher (upgrade) |
| 21:53 | Create | Villager (Male) |
| 21:53 | Create | Villager (Male) |
| 21:58 | Build | Town Center |
| 22:37 | Create | Skirmisher |
| 22:37 | Create | Skirmisher |
| 22:48 | Create | Villager (Male) |
| 22:54 | Build | Farm |
| 22:57 | Build | Farm |
| 22:59 | Create | Villager (Male) |
| 23:08 | Build | Town Center |
| 23:09 | Create | Villager (Male) |
| 23:16 | Create | Villager (Male) |
| 23:29 | Build | Monastery |
| 23:33 | Create | Skirmisher |
| 23:33 | Create | Villager (Male) |
| 23:34 | Create | Villager (Male) |
| 23:41 | Create | Villager (Male) |
| 23:55 | Create | Villager (Male) |
| 23:55 | Create | Villager (Male) |
| 24:06 | Create | Villager (Male) |
| 24:12 | Create | Villager (Male) |
| 24:18 | Create | Monk |
Match timeline
| 4:18 | [BRTIM] O grande · wall_segment Palisade Wall x1 |
| 5:00 | SneakySalmon · wall_segment Palisade Wall x7 |
| 7:57 | [BRTIM] O grande · first_building Barracks |
| 8:09 | SneakySalmon · first_building Barracks |
| 8:25 | [BRTIM] O grande · wall_segment Palisade Wall x1 |
| 8:26 | [BRTIM] O grande · wall_segment Palisade Wall x1 |
| 8:27 | [BRTIM] O grande · wall_segment Palisade Wall x1 |
| 8:51 | [BRTIM] O grande · age_up feudal |
| 8:59 | [BRTIM] O grande · first_building Archery Range |
| 9:16 | SneakySalmon · age_up feudal |
| 9:20 | SneakySalmon · first_building Stable |
| 9:47 | [BRTIM] O grande · wall_segment Palisade Wall x9 |
| 10:31 | [BRTIM] O grande · wall_segment Palisade Wall x5 |
| 10:33 | [BRTIM] O grande · wall_segment Palisade Wall x1 |
| 10:37 | SneakySalmon · wall_segment Palisade Wall x5 |
| 11:10 | SneakySalmon · wall_segment Palisade Wall x3 |
| 11:40 | SneakySalmon · first_building Archery Range |
| 11:48 | SneakySalmon · wall_segment Palisade Wall x4 |
| 12:51 | SneakySalmon · wall_segment Palisade Wall x1 |
| 14:03 | [BRTIM] O grande · wall_segment Palisade Wall x14 |
| 15:00 | SneakySalmon · wall_segment Palisade Wall x1 |
| 17:13 | SneakySalmon · wall_segment Palisade Wall x12 |
| 18:13 | [BRTIM] O grande · wall_segment Palisade Wall x1 |
| 18:35 | [BRTIM] O grande · first_market_buy 100 food |
| 21:34 | SneakySalmon · age_up castle |
| 21:39 | [BRTIM] O grande · age_up castle |
| 23:29 | [BRTIM] O grande · first_building Monastery |
| 25:12 | SneakySalmon · first_building Siege Workshop |
| 26:12 | [BRTIM] O grande · wall_segment Palisade Wall x1 |
| 26:15 | [BRTIM] O grande · wall_segment Palisade Wall x1 |
| 26:18 | [BRTIM] O grande · wall_segment Palisade Wall x1 |
| 26:57 | SneakySalmon · first_building Monastery |
| 28:01 | [BRTIM] O grande · first_building Stable |
| 29:35 | [BRTIM] O grande · first_building Castle |
| 29:55 | SneakySalmon · first_building Castle |
| 30:50 | [BRTIM] O grande · first_market_sell 100 wood |
| 32:23 | [BRTIM] O grande · wall_segment Stone Wall x1 |
| 32:25 | [BRTIM] O grande · wall_segment Stone Wall x1 |
| 33:16 | [BRTIM] O grande · wall_segment Stone Wall x1 |
| 33:21 | [BRTIM] O grande · wall_segment Stone Wall x1 |
| 33:22 | [BRTIM] O grande · wall_segment Stone Wall x1 |
| 33:23 | [BRTIM] O grande · wall_segment Stone Wall x1 |
| 33:23 | [BRTIM] O grande · wall_segment Stone Wall x1 |
| 33:24 | [BRTIM] O grande · wall_segment Stone Wall x1 |
| 33:24 | [BRTIM] O grande · wall_segment Stone Wall x1 |
| 33:24 | [BRTIM] O grande · wall_segment Stone Wall x1 |
| 33:24 | [BRTIM] O grande · wall_segment Stone Wall x1 |
| 33:25 | [BRTIM] O grande · wall_segment Stone Wall x1 |
| 33:25 | [BRTIM] O grande · wall_segment Stone Wall x1 |
| 33:25 | [BRTIM] O grande · wall_segment Stone Wall x1 |
| 33:25 | [BRTIM] O grande · wall_segment Stone Wall x1 |
| 33:26 | [BRTIM] O grande · wall_segment Stone Wall x1 |
| 33:26 | [BRTIM] O grande · wall_segment Stone Wall x1 |
| 33:26 | [BRTIM] O grande · wall_segment Stone Wall x1 |
| 33:26 | [BRTIM] O grande · wall_segment Stone Wall x2 |
| 33:27 | [BRTIM] O grande · wall_segment Stone Wall x1 |
| 33:27 | [BRTIM] O grande · wall_segment Stone Wall x2 |
| 33:27 | [BRTIM] O grande · wall_segment Stone Wall x1 |
| 33:28 | [BRTIM] O grande · wall_segment Stone Wall x2 |
| 33:28 | [BRTIM] O grande · wall_segment Stone Wall x1 |
| 33:52 | [BRTIM] O grande · wall_segment Stone Wall x1 |
| 33:57 | [BRTIM] O grande · wall_segment Stone Wall x1 |
| 33:58 | [BRTIM] O grande · wall_segment Stone Wall x1 |
| 34:06 | [BRTIM] O grande · age_up imperial |
| 34:19 | SneakySalmon · first_market_buy 100 wood |
| 35:55 | SneakySalmon · first_market_sell 500 food |
| 36:50 | SneakySalmon · age_up imperial |
| 38:03 | [BRTIM] O grande · wall_segment Stone Wall x1 |
| 38:06 | [BRTIM] O grande · wall_segment Stone Wall x4 |
| 38:06 | [BRTIM] O grande · wall_segment Stone Wall x1 |
| 38:07 | [BRTIM] O grande · wall_segment Stone Wall x1 |
| 38:46 | [BRTIM] O grande · first_building Siege Workshop |
| 40:31 | SneakySalmon · wall_segment Stone Wall x12 |
| 43:25 | SneakySalmon · resign |
[ AI ANALYSIS · 1 CREDIT ]
What really happened in this match?
Wolo.gg analyzes every decision: build order, eco, micro, common mistakes by bracket. Personalized analysis on WhatsApp or Discord in 30 seconds.
Civ guide
Romans
Perfil
SneakySalmon